[Event "fics rated crazyhouse match"]
[Site "fics, Oklahoma City, OK USA"]
[Date "2000.02.17"]
[White "spurs"]
[WhiteElo "2141"]
[Black "XXNoWay"]
[BlackElo "2300"]
[TimeControl "60+0"]
[Result "0-1"]

1. d4 e6 2. Nf3 Nf6 3. Bg5 Be7 4. Bxf6 Bxf6 5. e4 O-O 6. Nc3 
Nc6 7. e5 Bg5 8. N@h5 B@g6 9. Nxg7 Kxg7 10. Nxg5 Qxg5 11. B@f6+ Qxf6 
12. exf6+ Kxf6 13. P@e5+ Kg7 14. Bb5 B@g5 15. h4 P@d2+ 16. Kf1 Bh6 17. Qxd2 
Bxd2 18. P@f6+ Kh6 19. Q@g7+ Kh5 20. Be2+ N@g4 21. Bxg4+ Kxg4 22. f3+ Kf5 
23. N@g3+ Kf4 24. Nce2+ Ke3 25. Qxg6 Q@f2# 
{spurs checkmated} 0-1

[Event "fics rated crazyhouse match"]
[Site "fics, Oklahoma City, OK USA"]
[Date "2000.02.17"]
[White "XXNoWay"]
[WhiteElo "2305"]
[Black "spurs"]
[BlackElo "2130"]
[TimeControl "60+0"]
[Result "1-0"]

1. e4 e6 2. Nc3 d5 3. Nf3 dxe4 4. Nxe4 Nc6 5. d4 Be7 6. Bb5 
Nf6 7. Bxc6+ bxc6 8. Ng3 Ba6 9. P@d3 B@d5 10. O-O P@e4 11. dxe4 Bxe4 
12. Nxe4 Nxe4 13. N@h5 P@e2 14. Nxg7+ Kf8 15. Bh6 exf1=Q+ 16. Qxf1 Bxf1 17. Nxe6+ 
Ke8 18. Rxf1 fxe6 19. B@f7+ Kxf7 20. Ne5+ Kf6 21. B@g7+ Kf5 22. P@g4# 
{spurs checkmated} 1-0

[Event "fics rated crazyhouse match"]
[Site "fics, Oklahoma City, OK USA"]
[Date "2000.02.17"]
[White "spurs"]
[WhiteElo "2121"]
[Black "XXNoWay"]
[BlackElo "2309"]
[TimeControl "60+0"]
[Result "0-1"]

1. d4 e6 2. Nf3 Nf6 3. Bg5 Be7 4. Bxf6 Bxf6 5. e4 d5 6. Nc3 
B@b4 7. e5 Bg5 8. Bb5+ Bd7 9. Bxd7+ Nxd7 10. Nxg5 Qxg5 11. N@f3 Qxg2 
12. Rg1 N@f4 13. Rxg2 Nxg2+ 14. Kf1 B@h3 15. Kg1 Nf4 16. Nh4 Bxc3 17. bxc3 
N@e2+ 18. Kh1 P@g2+ 19. Nxg2 Bxg2# 
{spurs checkmated} 0-1

[Event "fics rated crazyhouse match"]
[Site "fics, Oklahoma City, OK USA"]
[Date "2000.02.17"]
[White "XXNoWay"]
[WhiteElo "2313"]
[Black "spurs"]
[BlackElo "2112"]
[TimeControl "60+0"]
[Result "0-1"]

1. e4 e6 2. Nc3 d5 3. Nf3 dxe4 4. Nxe4 Nc6 5. d4 Be7 6. Bb5 
Nf6 7. Bxc6+ bxc6 8. Ng3 Ba6 9. P@d3 B@d5 10. O-O P@e4 11. dxe4 Bxe4 
12. Nxe4 P@e2 13. Nxf6+ Bxf6 14. B@e4 exf1=Q+ 15. Qxf1 Bxf1 16. Bxc6+ Kf8 17. N@d7+ 
Qxd7 18. Bxd7 N@h3+ 19. Kxf1 Q@d1+ 20. B@e1 R@h1+ 21. N@g1 Nxg1 22. Nxg1 N@g4 
23. Q@f3 Nxh2# 
{XXNoWay checkmated} 0-1

[Event "fics rated crazyhouse match"]
[Site "fics, Oklahoma City, OK USA"]
[Date "2000.02.17"]
[White "spurs"]
[WhiteElo "2137"]
[Black "XXNoWay"]
[BlackElo "2301"]
[TimeControl "60+0"]
[Result "1-0"]

1. d4 d6 2. Nf3 Nf6 3. Bg5 Nc6 4. Bxf6 exf6 5. e4 Bg4 6. Bb5 
B@h5 7. d5 Bxf3 8. gxf3 N@g2+ 9. Kd2 Be7 10. dxc6 bxc6 11. Bxc6+ P@d7 
12. Bxa8 Qxa8 13. Kc1 B@g5+ 14. B@d2 Bxd2+ 15. Nxd2 B@g5 16. B@c3 O-O 17. N@f5 
Re8 18. N@a6 Bxd2+ 19. Bxd2 Qc6 20. P@h6 Qxa6 21. hxg7 N@e2+ 22. Qxe2 N@g6 
23. N@h6# 
{XXNoWay checkmated} 1-0

[Event "fics rated crazyhouse match"]
[Site "fics, Oklahoma City, OK USA"]
[Date "2000.02.17"]
[White "XXNoWay"]
[WhiteElo "2290"]
[Black "spurs"]
[BlackElo "2160"]
[TimeControl "60+0"]
[Result "0-1"]

1. e4 e6 2. Nc3 d5 3. Nf3 dxe4 4. Nxe4 Nc6 5. Bb5 Be7 6. d4 
Nf6 7. Neg5 O-O 8. Bxc6 bxc6 9. P@e5 Nd5 10. Nxh7 Kxh7 11. P@h6 gxh6 
12. Bxh6 Kxh6 13. N@g4+ Kh7 14. P@f6 Nxf6 15. exf6 Bxf6 16. Nxf6+ Qxf6 17. B@g5 
Qf5 18. Qd3 P@e4 19. N@f6+ Kh8 20. Nh4 exd3 21. O-O N@e2+ 22. Kh1 P@h3 
23. cxd3 B@f3 24. P@g7+ Kxg7 25. Nh5+ Kg8 26. Nf6+ Qxf6 27. Bxf6 hxg2+ 28. Nxg2 
Bxg2+ 29. Kxg2 N@f4+ 30. Kf3 Q@g2+ 31. Ke3 N@d5+ 32. Kd2 Nxf6 
{XXNoWay forfeits on time} 0-1

[Event "fics rated crazyhouse match"]
[Site "fics, Oklahoma City, OK USA"]
[Date "2000.02.17"]
[White "spurs"]
[WhiteElo "2181"]
[Black "XXNoWay"]
[BlackElo "2279"]
[TimeControl "60+0"]
[Result "1-0"]

1. d4 d5 2. Nf3 Nf6 3. Bg5 e6 4. Nc3 Be7 5. e3 O-O 6. Bb5 
Bd7 7. Bxd7 Nbxd7 8. Bxf6 Bxf6 9. B@e5 Nxe5 10. dxe5 Be7 11. N@h5 B@g4 
12. Nxg7 Kxg7 13. P@f6+ Bxf6 14. exf6+ Qxf6 15. B@d4 P@d2+ 16. Qxd2 Bxf3 17. Bxf6+ 
Kxf6 18. Qd4+ P@e5 19. P@g5+ Ke7 20. Q@f6+ Kd7 21. N@c5+ Kc8 22. Qb4 B@c6 
23. gxf3 N@g2+ 24. Ke2 N@f4+ 25. exf4 Nxf4+ 26. Qfxf4 exf4 27. N@e7+ Kd8 28. Nxc6+ 
bxc6 29. N@b7+ Ke7 30. B@f6# 
{XXNoWay resigns} 1-0

[Event "fics rated crazyhouse match"]
[Site "fics, Oklahoma City, OK USA"]
[Date "2000.02.17"]
[White "XXNoWay"]
[WhiteElo "2269"]
[Black "spurs"]
[BlackElo "2200"]
[TimeControl "60+0"]
[Result "0-1"]

1. e4 e6 2. Nc3 d5 3. Nf3 Bb4 4. e5 Ne7 5. Bb5+ Bd7 6. Bxd7+ 
Nxd7 7. d4 Nf5 8. O-O Bxc3 9. bxc3 N@h4 10. B@g5 B@e7 11. Bxe7 Qxe7 
12. B@g5 Nxf3+ 13. Qxf3 f6 14. exf6 gxf6 15. Bxf6 Qxf6 16. B@g5 Qf7 17. P@f6 
B@e4 18. Qh3 N@e2+ 19. Kh1 Bxg2+ 20. Qxg2 P@f3 21. Qxf3 B@e4 22. Qxe4 dxe4 
23. B@g4 P@f3 24. B@h3 Nxf6 25. Bxf6 Qxf6 26. N@e1 P@g2+ 27. Nxg2 fxg2+ 28. Bxg2 
B@f3 29. B4xf3 exf3 30. Bxf3 Nh4 31. B@h5+ N@g6 32. P@g2 Nxf3 33. Bxf3 Qxf3 
34. P@d7+ Kd8 35. N@f7+ Ke7 36. Bg5+ Kxd7 37. N@c5+ Kc6 
{XXNoWay forfeits on time} 0-1

[Event "fics rated crazyhouse match"]
[Site "fics, Oklahoma City, OK USA"]
[Date "2000.02.17"]
[White "spurs"]
[WhiteElo "2217"]
[Black "XXNoWay"]
[BlackElo "2259"]
[TimeControl "60+0"]
[Result "0-1"]

1. d4 e6 2. Nf3 Ne7 3. Bg5 f6 4. Bh4 Ng6 5. e3 Be7 6. Bg3 
O-O 7. Bd3 f5 8. h4 Nxh4 9. Bxh4 P@e4 10. Bxe7 Qxe7 11. Rxh7 Kxh7 
12. N@g5+ Kh8 13. Bxe4 fxe4 14. Nxe4 R@h1+ 15. B@g1 B@h5 16. Kd2 B@g4 17. P@e2 
Bxf3 18. exf3 N@c4+ 19. Kc1 d5 20. Ng3 Rxg1 21. Qxg1 B@g6 22. Qh2 Qg5 
23. B@f4 Qxg3 24. Qxg3 N@e2+ 25. Kd1 Nxg3 26. fxg3 Nxb2+ 27. Kc1 Nc4 28. P@b2 
Q@e1+ 29. R@d1 Qe2 30. P@d2 Qxg2 31. N@h4 Qh3 32. Nxg6+ Bxg6 33. B@h4 P@e2 
34. Bh6 exd1=Q+ 35. Kxd1 Qf1+ 36. Q@e1 P@e2+ 37. Kc1 Qxe1# 
{spurs checkmated} 0-1

[Event "fics rated crazyhouse match"]
[Site "fics, Oklahoma City, OK USA"]
[Date "2000.02.17"]
[White "XXNoWay"]
[WhiteElo "2266"]
[Black "spurs"]
[BlackElo "2205"]
[TimeControl "60+0"]
[Result "1-0"]

1. e4 e6 2. Nc3 d5 3. e5 Bb4 4. d4 Ne7 5. Bg5 Qd7 6. Nf3 
Nf5 7. Bd3 Nc6 8. Bxf5 exf5 9. O-O Bxc3 10. bxc3 B@e7 11. Bxe7 Qxe7 
12. N@h5 Rg8 13. B@h4 Qd7 14. B@h6 B@f8 15. Bxg7 Bxg7 16. P@h6 Bh8 17. Bf6 
B@h3 18. Bxh8 Rxg2+ 19. Kh1 Rg6 20. Ng7+ Rxg7 21. hxg7 P@g2+ 22. Kg1 gxf1=Q+ 
23. Qxf1 R@g8 24. R@f8+ Rxf8 25. gxf8=Q+ Kxf8 26. P@g7+ Ke7 27. B@f6+ Ke8 28. R@f8# 
{spurs checkmated} 1-0

[Event "fics rated crazyhouse match"]
[Site "fics, Oklahoma City, OK USA"]
[Date "2000.02.17"]
[White "spurs"]
[WhiteElo "2194"]
[Black "XXNoWay"]
[BlackElo "2273"]
[TimeControl "60+0"]
[Result "1-0"]

1. d4 e6 2. Nf3 Nf6 3. Bg5 d5 4. Bxf6 gxf6 5. Nc3 Rg8 6. e3 
Nc6 7. Bb5 Rxg2 8. Bxc6+ bxc6 9. Ne5 fxe5 10. dxe5 B@g4 11. P@f3 N@h3 
12. N@f6+ Qxf6 13. exf6 Rxf2 14. N@g7+ Kd7 15. Q@e8+ Kd6 16. Ne4+ Ke5 17. Qd4# 
{XXNoWay checkmated} 1-0

[Event "fics rated crazyhouse match"]
[Site "fics, Oklahoma City, OK USA"]
[Date "2000.02.17"]
[White "XXNoWay"]
[WhiteElo "2263"]
[Black "spurs"]
[BlackElo "2209"]
[TimeControl "60+0"]
[Result "0-1"]

1. e4 e6 2. Nc3 d5 3. Nf3 dxe4 4. Nxe4 Nc6 5. Ng3 Be7 6. Bb5 
Nf6 7. d4 Bd7 8. O-O O-O 9. c3 Nd5 10. P@h6 Bf6 11. hxg7 Bxg7 
12. P@h6 Bf6 13. Bxc6 Bxc6 14. Ne5 Bxe5 15. dxe5 f6 16. B@h4 P@g5 17. c4 
gxh4 18. cxd5 Bxd5 19. N@h5 h3 20. Qg4+ P@g5 21. Nxf6+ Rxf6 22. exf6 hxg2 
23. P@f7+ Kxf7 24. R@g7+ Kf8 25. f3 gxf1=Q+ 26. Nxf1 N@e2+ 27. Kf2 B@g1+ 28. Qxg1 
N@d1+ 29. Kxe2 P@d3+ 30. Kxd1 B@e2+ 31. Ke1 R@d1+ 32. Kf2 Rxf1+ 33. Qxf1 N@h1+ 
34. Qxh1 P@g3+ 35. hxg3 Qxf6 
{XXNoWay forfeits on time} 0-1

[Event "fics rated crazyhouse match"]
[Site "fics, Oklahoma City, OK USA"]
[Date "2000.02.17"]
[White "spurs"]
[WhiteElo "2223"]
[Black "XXNoWay"]
[BlackElo "2254"]
[TimeControl "60+0"]
[Result "0-1"]

1. d4 e6 2. Nf3 Be7 3. e4 f6 4. Nc3 Nc6 5. Bb5 d5 6. Bxc6+ 
bxc6 7. e5 f5 8. N@h5 Kf7 9. h4 B@g4 10. Ng3 Bxh4 11. Bf4 Bxg3 
12. Bxg3 P@e4 13. B@h5+ Bxh5 14. Rxh5 exf3 15. Qxf3 B@g4 16. Qe3 Bxh5 17. P@f3 
R@g1+ 18. B@f1 N@c4 19. O-O-O Nxe3 20. fxe3 Rxf1 21. Rxf1 N@c4 22. N@b1 Q@a1 
23. R@b3 B@d2+ 24. Kd1 Bxc3 25. bxc3 N@b2+ 26. Rxb2 Qxb2 27. Ke2 Qxc2+ 28. Ke1 
R@d1# 
{spurs checkmated} 0-1

[Event "fics rated crazyhouse match"]
[Site "fics, Oklahoma City, OK USA"]
[Date "2000.02.17"]
[White "XXNoWay"]
[WhiteElo "2261"]
[Black "Seipman"]
[BlackElo "2250"]
[TimeControl "60+0"]
[Result "1-0"]

1. e4 e6 2. Nc3 Nc6 3. Nf3 Nf6 4. Bb5 Bb4 5. d3 d5 6. e5 
Ng4 7. O-O Bd7 8. Bxc6 Bxc6 9. Bg5 B@e7 10. Bxe7 Qxe7 11. B@h4 f6 
12. exf6 gxf6 13. P@e5 P@g7 14. exf6 gxf6 15. P@h3 Nh6 16. Ne5 B@d6 17. Nxc6 
bxc6 18. N@h5 Bxc3 19. bxc3 P@g7 20. B@e3 N@f5 21. Bxh6 Nxh6 22. N@g4 Nxg4 
23. Qxg4 B@g6 24. Nxf6+ gxf6 25. Bxf6 Qxf6 26. P@g5 Qf7 27. N@f6+ Kd8 28. B@b7 
B@h5 29. Bxa8 Bxg4 30. P@d7 N@e2+ 31. Kh1 N@b6 32. R@b8+ Ke7 33. Rxh8 Bxh3 
34. R@e8+ Qxe8 35. Rxe8+ Kf7 36. Q@g8# 
{Seipman checkmated} 1-0

[Event "fics rated crazyhouse match"]
[Site "fics, Oklahoma City, OK USA"]
[Date "2000.02.17"]
[White "Seipman"]
[WhiteElo "2239"]
[Black "XXNoWay"]
[BlackElo "2269"]
[TimeControl "60+0"]
[Result "1-0"]

1. e4 e6 2. Nc3 Nf6 3. e5 Nd5 4. d4 Nc6 5. Nf3 Bb4 6. Bd2 
Bxc3 7. bxc3 O-O 8. Bd3 N@f4 9. B@f1 Nxd3+ 10. Bxd3 B@f4 11. N@h5 Bxd2+ 
12. Qxd2 B@g6 13. Nxg7 Kxg7 14. P@e4 N@f4 15. exd5 Nxg2+ 16. Kd1 Bxd3 17. B@f6+ 
Kg6 18. Qg5# 
{XXNoWay checkmated} 1-0

[Event "fics rated crazyhouse match"]
[Site "fics, Oklahoma City, OK USA"]
[Date "2000.02.17"]
[White "XXNoWay"]
[WhiteElo "2260"]
[Black "Seipman"]
[BlackElo "2251"]
[TimeControl "60+0"]
[Result "1-0"]

1. e4 e6 2. Nc3 Nc6 3. Nf3 Nf6 4. Bb5 Bb4 5. d3 Qe7 6. O-O 
a6 7. Bxc6 dxc6 8. Bg5 Bxc3 9. bxc3 B@h5 10. e5 Rg8 11. N@e4 Bxf3 
12. Qxf3 N@d5 13. Nxf6+ gxf6 14. exf6 N@e5 15. fxe7 Nxf3+ 16. Kh1 Nxe7 17. Bxe7 
Kxe7 18. P@f6+ Kxf6 19. N@e4+ Kg7 20. B@f6+ Kh6 21. B@f4+ P@g5 22. B4xg5+ Rxg5 
23. Bxg5+ Nxg5 24. N@g4+ Kg6 25. R@f6+ Kh5 26. Q@h6+ Kxg4 27. P@f3+ Nxf3 28. gxf3# 
{Seipman checkmated} 1-0

[Event "fics rated crazyhouse match"]
[Site "fics, Oklahoma City, OK USA"]
[Date "2000.02.17"]
[White "Seipman"]
[WhiteElo "2240"]
[Black "XXNoWay"]
[BlackElo "2268"]
[TimeControl "60+0"]
[Result "1-0"]

1. e4 d6 2. Nc3 Nf6 3. d4 Bg4 4. Be2 Bxe2 5. Qxe2 Nc6 6. Nf3 
B@g4 7. B@a4 Bxf3 8. gxf3 N@g2+ 9. Kd1 e5 10. d5 Be7 11. dxc6 bxc6 
12. Bxc6+ P@d7 13. Bxa8 Qxa8 14. P@g5 Nh5 15. N@d5 B@e6 16. Nxc7+ Kf8 17. Nxa8 
Nhf4 18. Bxf4 Nxf4 19. Qd2 B@e8 20. P@b7 h6 21. b8=Q hxg5 22. N@d5 Bxd5 
23. Nxd5 Nxd5 24. exd5 N@d4 25. Nc7 N@f6 26. Nxe8 Nxe8 27. N@c7 N@f6 28. R@c8 
P@e2+ 29. Qxe2 Kg8 30. Rxe8+ Nxe8 31. Qxe8+ Kh7 32. B@d3+ R@f5 {-1} 33. Bxf5+ g6 {-1} 
34. Qxh8+ Kxh8 {-2} 35. R@h7# 
{XXNoWay resigns} 1-0

[Event "fics rated crazyhouse match"]
[Site "fics, Oklahoma City, OK USA"]
[Date "2000.02.17"]
[White "XXNoWay"]
[WhiteElo "2259"]
[Black "Seipman"]
[BlackElo "2252"]
[TimeControl "60+0"]
[Result "0-1"]

1. e4 e6 2. Nc3 Nc6 3. Nf3 Nf6 4. Bb5 Bb4 5. d3 a6 6. Bxc6 
dxc6 7. Bg5 B@e7 8. O-O Rg8 9. Bxf6 Bxf6 10. e5 Bfe7 11. N@g3 Bxc3 
12. bxc3 B@g4 13. B@e2 Bxf3 14. Bxf3 N@g5 15. B@e2 N@h4 16. N@d2 f6 17. exf6 
gxf6 18. P@g4 P@h3 19. gxh3 Nxh3+ 20. Kh1 Rxg4 21. P@g2 Rxg3 22. fxg3 N@f2+ 
23. Rxf2 Nxf2+ 24. Kg1 Nxd1 25. Rxd1 P@f2+ 26. Kxf2 P@e3+ 27. Kxe3 Nf5+ 28. Kf2 
Q@e3+ 29. Ke1 R@g1+ 30. N@f1 Rxf1+ 31. Kxf1 Nxg3+ 32. hxg3 N@h2+ 33. Ke1 P@f2# 
{XXNoWay checkmated} 0-1

[Event "fics rated crazyhouse match"]
[Site "fics, Oklahoma City, OK USA"]
[Date "2000.02.17"]
[White "Seipman"]
[WhiteElo "2263"]
[Black "XXNoWay"]
[BlackElo "2251"]
[TimeControl "60+0"]
[Result "1-0"]

1. e4 e5 2. Nf3 Nc6 3. d4 exd4 4. Bc4 Nf6 5. e5 d5 6. exd6 
cxd6 7. P@b5 d5 8. bxc6 dxc4 9. Nxd4 bxc6 10. Nxc6 Qxd1+ 11. Kxd1 Q@d5+ 
12. N@d4 P@d3 13. Nc3 dxc2+ 14. Ke1 Qd7 15. P@e6 fxe6 16. P@f7+ Qxf7 17. Q@d8# 
{XXNoWay checkmated} 1-0

[Event "fics rated crazyhouse match"]
[Site "fics, Oklahoma City, OK USA"]
[Date "2000.02.17"]
[White "XXNoWay"]
[WhiteElo "2243"]
[Black "Seipman"]
[BlackElo "2273"]
[TimeControl "60+0"]
[Result "1-0"]

1. e4 e6 2. Nc3 Nc6 3. Nf3 Nf6 4. Bb5 d5 5. e5 Ne4 6. O-O 
Bd7 7. Bxc6 Bxc6 8. d3 Nxc3 9. bxc3 B@h5 10. N@g3 Bxf3 11. Qxf3 d4 
12. B@e4 Bxe4 13. Nxe4 B@d5 14. c4 Bxe4 15. dxe4 N@h4 16. Qh3 N@e2+ 17. Kh1 
Nxc1 18. Raxc1 N@f4 19. Qg4 Nhxg2 20. B@g5 B@e7 21. B@a4+ P@c6 22. Bxe7 Bxe7 
23. B@g3 B@h3 24. Qf3 Bg5 25. N@h5 Rg8 26. Bxf4 Nxf4 27. Nxf4 Bxf4 28. Rg1 
B@g2+ 29. Rxg2 Bxg2+ 30. Qxg2 N@h4 31. Qh3 Bxh2 32. Kxh2 R@g2+ 33. Kh1 Rxf2 
34. B@g1 P@g2+ 35. Kh2 P@f3 36. Bxf2 
{Seipman forfeits on time} 1-0

[Event "fics rated crazyhouse match"]
[Site "fics, Oklahoma City, OK USA"]
[Date "2000.02.17"]
[White "Seipman"]
[WhiteElo "2262"]
[Black "XXNoWay"]
[BlackElo "2252"]
[TimeControl "60+0"]
[Result "0-1"]

1. e4 e5 2. Nc3 Nc6 3. Nf3 Nf6 4. Bb5 Bd6 5. d4 exd4 6. Bxc6 
dxc6 7. Nxd4 B@c5 8. Be3 Bxd4 9. Bxd4 P@e5 10. Bxe5 Bxe5 11. Qxd8+ Kxd8 
12. Rd1+ B@d4 13. B@h4 Be6 14. P@e7+ Kxe7 15. Bxf6+ gxf6 16. N@f5+ Bxf5 17. N@d5+ 
Kf8 18. exf5 Bxc3+ 19. bxc3 cxd5 20. B@h6+ Ke7 21. Rxd5 Q@e4+ 22. B@e2 Qxd5 
23. P@e6 R@b1+ 24. Q@d1 Rxd1+ 25. Bxd1 P@d2+ 26. Bxd2 Qxd2+ 27. Kxd2 N@c4+ 28. Kd3 
B@e4+ 29. Kxc4 B@d5+ 30. Kb4 Bd6+ 31. P@c5 Bxc5+ 32. Ka4 Q@a6+ 33. R@a5 P@b5# 
{Seipman checkmated} 0-1

[Event "fics rated crazyhouse match"]
[Site "fics, Oklahoma City, OK USA"]
[Date "2000.02.17"]
[White "XXNoWay"]
[WhiteElo "2260"]
[Black "Seipman"]
[BlackElo "2252"]
[TimeControl "60+0"]
[Result "0-1"]

1. e4 e6 2. Nc3 Nc6 3. Nf3 Bb4 4. Bb5 a6 5. Bxc6 dxc6 6. O-O 
Nf6 7. d3 Bxc3 8. bxc3 B@h5 9. Bg5 N@e5 10. Nxe5 Bxd1 11. Raxd1 Qe7 
12. B@h4 Rg8 13. Ng4 e5 14. Ne3 Be6 15. N@f5 Bxf5 16. Nxf5 Qd7 17. B@h3 
h6 18. Nxg7+ Rxg7 19. Bxd7+ Kxd7 20. N@c5+ Ke8 21. Q@h8+ B@f8 22. P@e7 N@g6 
23. exf8=Q+ Nxf8 24. B@e7 N@g6 25. Bxf8 Nxf8 26. B@e7 Q@g8 27. Qxg8 Rxg8 28. Bexf6 
B@d8 29. Bxd8 Ng6 30. N@f6+ Kf8 31. N@h7+ Kg7 32. Nh5+ Kxh7 33. B@f6 Rg7 
{XXNoWay forfeits on time} 0-1

[Event "fics rated crazyhouse match"]
[Site "fics, Oklahoma City, OK USA"]
[Date "2000.02.17"]
[White "spurs"]
[WhiteElo "2233"]
[Black "XXNoWay"]
[BlackElo "2252"]
[TimeControl "60+0"]
[Result "1-0"]

1. d4 d6 2. Nf3 Nf6 3. Bg5 Nc6 4. Bxf6 gxf6 5. e4 Rg8 6. Bb5 
Bg4 7. d5 B@d7 8. Bxc6 bxc6 9. dxc6 Bxc6 10. P@d5 Bcd7 11. N@c6 Bxc6 
12. dxc6 B@b5 13. B@d5 e6 14. Nc3 exd5 15. Nxb5 dxe4 16. Qe2 B@d5 17. N@e3 
Bxf3 18. B@d7+ Qxd7 19. cxd7+ Kxd7 20. gxf3 exf3 21. Nxd5 fxe2 22. B@c6+ Kxc6 
23. Nb4+ Kd7 24. B@c6+ Ke6 25. Q@d7+ Ke5 26. Nd3# 
{XXNoWay checkmated} 1-0

[Event "fics rated crazyhouse match"]
[Site "fics, Oklahoma City, OK USA"]
[Date "2000.02.17"]
[White "XXNoWay"]
[WhiteElo "2244"]
[Black "spurs"]
[BlackElo "2244"]
[TimeControl "60+0"]
[Result "1-0"]

1. e4 e6 2. Nc3 d5 3. Nf3 dxe4 4. Nxe4 Nc6 5. Bb5 Be7 6. Bxc6+ 
bxc6 7. d4 Ba6 8. P@d3 B@d5 9. Ng3 Nf6 10. N@h5 Nxh5 11. Nxh5 Rg8 
12. N@e5 P@e4 13. Nxf7 Kxf7 14. Ne5+ Kf8 15. P@f7 Rh8 16. dxe4 Bxe4 17. Nxg7 
Bxg2 18. Nxe6# 
{spurs checkmated} 1-0

[Event "fics rated crazyhouse match"]
[Site "fics, Oklahoma City, OK USA"]
[Date "2000.02.17"]
[White "spurs"]
[WhiteElo "2234"]
[Black "XXNoWay"]
[BlackElo "2252"]
[TimeControl "60+0"]
[Result "0-1"]

1. d4 e6 2. Nf3 Nf6 3. Bg5 Be7 4. Bxf6 Bxf6 5. e4 O-O 6. Nc3 
d5 7. e5 Bg5 8. Nxg5 Qxg5 9. N@f3 Qe7 10. B@h4 Qd7 11. Bd3 B@g6 
12. Ng5 Bxd3 13. Qxd3 B@g6 14. Qe2 Nc6 15. Rd1 N@f5 16. B@g3 Ncxd4 17. Rxd4 
Nxd4 18. Nf3 Nxe2 19. Nxe2 P@d3 20. cxd3 Bxd3 21. Nf4 Q@c1+ 22. N@d1 P@e2 
23. Nxe2 Bxe2 24. Kxe2 N@d4+ 25. Nxd4 R@e4+ 26. P@e3 Qa4 27. N@e7+ Kh8 28. B@b3 
Qxd4 29. P@f6 Qcd2+ 30. Kf3 Qxd1+ 31. Rxd1 Qxd1+ 32. Bxd1 N@d4+ 33. exd4 N@d2# 
{spurs checkmated} 0-1

[Event "fics rated crazyhouse match"]
[Site "fics, Oklahoma City, OK USA"]
[Date "2000.02.17"]
[White "XXNoWay"]
[WhiteElo "2260"]
[Black "spurs"]
[BlackElo "2224"]
[TimeControl "60+0"]
[Result "1-0"]

1. e4 e6 2. Nc3 d5 3. e5 Nc6 4. Nf3 Bb4 5. Bb5 Bd7 6. d4 
Nge7 7. O-O Nf5 8. Bxc6 Bxc6 9. Bg5 f6 10. exf6 gxf6 11. P@e5 fxg5 
12. N@f6+ Qxf6 13. exf6 Bxc3 14. bxc3 N@f4 15. f7+ Kxf7 16. Ne5+ Ke7 17. B@f6+ 
Kf8 18. Q@f7# 
{spurs checkmated} 1-0

[Event "fics rated crazyhouse match"]
[Site "fics, Oklahoma City, OK USA"]
[Date "2000.02.17"]
[White "spurs"]
[WhiteElo "2215"]
[Black "XXNoWay"]
[BlackElo "2267"]
[TimeControl "60+0"]
[Result "1-0"]

1. d4 d5 2. Nf3 Nf6 3. Bg5 Nc6 4. e3 Bg4 5. Bb5 e6 6. Bxc6+ 
bxc6 7. N@e5 B@d7 8. Nxf7 Kxf7 9. Ne5+ Ke7 10. Nxg4 N@e4 11. Bxf6+ gxf6 
12. P@e5 Bg7 13. B@h4 B@g5 14. Bxg5 fxg5 15. Qf3 B@f5 16. B@f6+ Nxf6 17. Nxf6 
B@e4 18. Nxe4 dxe4 19. B@f6+ Bxf6 20. exf6+ Kxf6 21. N@g4+ Ke7 22. B@f6+ Ke8 
23. N@g7+ Kf7 24. Bxd8 Rhxd8 25. Nxf5 B@h8 26. Nfh6+ Kg6 27. Qf7# 
{XXNoWay checkmated} 1-0

[Event "fics rated crazyhouse match"]
[Site "fics, Oklahoma City, OK USA"]
[Date "2000.02.17"]
[White "XXNoWay"]
[WhiteElo "2258"]
[Black "spurs"]
[BlackElo "2226"]
[TimeControl "60+0"]
[Result "1-0"]

1. e4 e6 2. Nc3 d5 3. Nf3 dxe4 4. Nxe4 Nc6 5. Bb5 Be7 6. Bxc6+ 
bxc6 7. d4 Nf6 8. Nxf6+ Bxf6 9. P@e5 Be7 10. N@h5 Rg8 11. N@g5 B@g6 
12. Nf4 Bxg5 13. Nxg6 Bxc1 14. Rxc1 fxg6 15. B@h4 P@f6 16. exf6 gxf6 17. P@f7+ 
Kxf7 18. Ne5+ fxe5 19. Bxd8 Rxd8 20. B@g5 P@f6 21. Bxf6 B@a5+ 22. c3 Kxf6 
23. dxe5+ Kxe5 24. Q@d4+ Rxd4 25. Qxd4+ Kf5 26. g4+ Kg5 27. h4+ Kh6 28. P@g5# 
{spurs checkmated} 1-0

[Event "fics rated crazyhouse match"]
[Site "fics, Oklahoma City, OK USA"]
[Date "2000.02.17"]
[White "spurs"]
[WhiteElo "2218"]
[Black "XXNoWay"]
[BlackElo "2265"]
[TimeControl "60+0"]
[Result "1-0"]

1. d4 d6 2. Nf3 Nf6 3. Bg5 Bg4 4. Nc3 Nc6 5. e3 e6 6. Bb5 
Be7 7. Bxf6 Bxf6 8. Ne4 Bxf3 9. Qxf3 B@f5 10. Bxc6+ bxc6 11. Nxf6+ gxf6 
12. N@g7+ Kd7 13. Nxf5 exf5 14. Qxf5+ B@e6 15. Qf3 N@g5 16. Qe2 N@h4 17. B@f1 
N@f3+ 18. gxf3 Ngxf3+ 19. Kd1 P@g2 20. Bxg2 Nxg2 21. Qxf3 B@g4 22. B@e2 Bxf3 
23. Bxf3 Nh4 24. Bxc6+ Kxc6 25. N@a5+ Kd7 26. B@c6+ Ke7 27. P@e2 B@d5 28. Bxd5 
Bxd5 29. N@c6+ Bxc6 30. Nxc6+ Kd7 31. Nxd8 Raxd8 32. P@c6+ Ke7 33. N@d5+ Ke6 
34. Q@e7+ Kxd5 35. B@b3+ Kxc6 36. B@d5+ Kb6 37. P@a5+ Kxa5 38. Qxc7+ B@b6 39. P@b4+ 
Kxb4 40. Qc3+ Kb5 41. Ba4+ Kxa4 42. b3+ Kb5 43. Qc4+ Ka5 44. B@b4# 
{XXNoWay checkmated} 1-0

[Event "fics rated crazyhouse match"]
[Site "fics, Oklahoma City, OK USA"]
[Date "2000.02.17"]
[White "XXNoWay"]
[WhiteElo "2256"]
[Black "spurs"]
[BlackElo "2228"]
[TimeControl "60+0"]
[Result "0-1"]

1. e4 e6 2. Nc3 d5 3. Nf3 dxe4 4. Nxe4 Nc6 5. Bb5 Be7 6. Bxc6+ 
bxc6 7. d4 Nf6 8. Neg5 O-O 9. N@e5 Ba6 10. Ngxf7 Rxf7 11. Nxf7 Kxf7 
12. Ne5+ Kf8 13. P@g5 P@e2 14. Qd2 N@h4 15. Rg1 Qd6 16. gxf6 Qxe5 17. fxe7+ 
Kxe7 18. B@g5+ P@f6 19. Bxh4 Qd6 20. P@c5 Qd7 21. N@e4 Kf7 22. N@g5+ fxg5 
23. Nxg5+ Kg8 24. P@f7+ Kh8 25. R@h5 B@g6 26. Nxh7 Bxh7 27. P@g6 N@f8 28. gxh7 
Nxh7 29. B@g6 N@f6 
{XXNoWay forfeits on time} 0-1

[Event "fics rated crazyhouse match"]
[Site "fics, Oklahoma City, OK USA"]
[Date "2000.02.17"]
[White "spurs"]
[WhiteElo "2238"]
[Black "XXNoWay"]
[BlackElo "2247"]
[TimeControl "60+0"]
[Result "1-0"]

1. e4 e6 2. d4 Nf6 3. Nf3 d5 4. e5 Ne4 5. Bd3 Be7 6. O-O 
Nc6 7. Nbd2 Nxd2 8. Bxd2 N@e4 9. N@h5 Rg8 10. Bb5 Nxd2 11. Qxd2 B@g4 
12. Nxg7+ Rxg7 13. Bxc6+ bxc6 14. P@f6 N@h3+ 15. Kh1 Bxf3 16. fxg7 Bxg2+ 17. Kxg2 
N@f4+ 18. Kf3 P@g4+ 19. Ke3 B@c4 20. g8=Q+ Kd7 21. Qxd8+ Bxd8 22. N@c5+ Ke7 
23. B@f6+ Ke8 24. N@g7+ Kf8 25. Q@e8# 
{XXNoWay checkmated} 1-0

[Event "fics rated crazyhouse match"]
[Site "fics, Oklahoma City, OK USA"]
[Date "2000.02.17"]
[White "XXNoWay"]
[WhiteElo "2239"]
[Black "spurs"]
[BlackElo "2247"]
[TimeControl "60+0"]
[Result "0-1"]

1. e4 e6 2. d3 d5 3. Nc3 dxe4 4. Nxe4 Nc6 5. Nf3 Be7 6. Be2 
Nf6 7. Nxf6+ Bxf6 8. O-O e5 9. N@h5 Rg8 10. Nxf6+ gxf6 11. B@g3 P@h3 
12. gxh3 Bxh3 13. P@g2 Bxg2 14. Kxg2 P@f4 15. P@h3 P@g4 16. hxg4 Rxg4 17. P@h3 
Rg8 18. B@g4 N@h6 19. Nh4 N@g5 20. Bcxf4 exf4 21. P@d7+ Kf8 22. Bxf4 Nxg4 
23. Bxg4 B@e6 24. Bxg5 Rxg5 25. P@h6 B@d5+ 26. f3 Rg8 27. N@g3 P@f4 28. Bxe6 
fxe6 29. B@g7+ Ke7 30. N@f5+ exf5 31. Nhxf5+ Kxd7 32. P@e4 Be6 
{XXNoWay forfeits on time} 0-1

[Event "fics rated crazyhouse match"]
[Site "fics, Oklahoma City, OK USA"]
[Date "2000.02.17"]
[White "spurs"]
[WhiteElo "2255"]
[Black "LSS"]
[BlackElo "2524"]
[TimeControl "180+0"]
[Result "0-1"]

1. d4 e6 2. Nf3 d5 3. Bg5 f6 4. Bh4 Ne7 5. e3 Bd7 6. Nc3 
Nbc6 7. Bb5 Ng6 8. Bg3 Be7 9. Bxc6 Bxc6 10. N@f4 Qd7 11. Nxg6 hxg6 
12. N@g4 a6 13. Nd2 O-O-O 14. a4 B@a5 15. Nb3 Beb4 16. Kf1 Bxc3 17. bxc3 
Bxc3 18. Nc5 Bxa1 19. Nxd7 Rxd7 20. Bxc7 Rxc7 21. B@b6 B@c4+ 22. Ke1 Bc3+ 
23. P@d2 P@e2 24. Qxe2 Bxe2 25. Kxe2 Bxd2 26. Bxc7 N@c3+ 27. Kxd2 N@b1+ 28. Rxb1 
Nxb1+ 29. Ke2 N@g1+ 30. Kf1 P@e2+ 31. Kxg1 R@f1# 
{spurs checkmated} 0-1